| TOP OF THE 1ST |
|
Victoria Capitals batting - Pitching for Kelowna Heat : RHP Tim Roof
|
|
Pitching: RHP Tim Roof
|
|
|
Batting: RHB Heihachiro Fujita
|
0-0: Swinging Strike 0-1: Ball 1-1: Foul Ball, location: 2F 1-2: SINGLE (Groundball, 6S, EV 65.6 MPH) (infield hit)
|
|
Pitching: RHP Rory Bornt
|
|
|
Batting: LHB Taki Matsui
|
0-0: Swinging Strike 0-1: Ball 1-1: Foul Ball, location: 2F 1-2: Strikes out looking
|
|
Batting: RHB Tomokazu Sugimoto
|
0-0: Called Strike 0-1: Foul Ball, location: 2F 0-2: Ball 1-2: Hit by Pitch Heihachiro Fujita to second
|
|
Batting: RHB Victor Rosas
|
0-0: Called Strike 0-1: Called Strike 0-2: Ball 1-2: Grounds into double play, 5-4-3 (Groundball, 5, EV 85.6 MPH)
|
| Top of the 1st over - 0 runs, 1 hit, 0 errors, 1 left on base; Victoria 0 - Kelowna 0 |
| BOTTOM OF THE 1ST |
|
Kelowna Heat batting - Pitching for Victoria Capitals : RHP Raul Lopez
|
|
Pitching: RHP Raul Lopez
|
|
|
Batting: RHB Frank Pena
|
0-0: Called Strike 0-1: Foul Ball, location: 2F 0-2: Ball 1-2: Strikes out looking
|
|
Batting: RHB Malik Sharpless
|
0-0: Foul Ball, location: 2F 0-1: Ball 1-1: Ball 2-1: Fly out, F7 (Flyball, 7S, EV 91.9 MPH)
|
|
Batting: LHB Chris West
|
0-0: Ball 1-0: Ball 2-0: Swinging Strike 2-1: Ball 3-1: Foul Ball, location: 2F 3-2: Strikes out swinging
|
| Bottom of the 1st over - 0 runs, 0 hits, 0 errors, 0 left on base; Victoria 0 - Kelowna 0 |
| TOP OF THE 2ND |
|
Victoria Capitals batting - Pitching for Kelowna Heat : RHP Rory Bornt
|
|
Batting: RHB Nick Edmunds
|
0-0: Called Strike 0-1: Ball 1-1: Ball 2-1: Called Strike 2-2: Ball 3-2: SINGLE (Groundball, 6D, EV 98.8 MPH)
|
|
Batting: LHB Chang Huie
|
0-0: Ball 1-0: Ball 2-0: Foul Ball, location: 2F 2-1: Ball 3-1: Called Strike 3-2: Foul Ball, location: 2F 3-2: Foul Ball, location: 2F 3-2: Foul Ball, location: 2F 3-2: Base on Balls Nick Edmunds to second
|
|
Batting: LHB Ryan Daniels
|
0-0: Called Strike 0-1: Called Strike 0-2: Foul Ball, location: 2F 0-2: Strikes out looking
|
|
Batting: SHB Ray Skogen
|
0-0: Ball 1-0: Called Strike Nick Edmunds steals 3rd base Chang Huie to second 1-1: Ball 2-1: Ground out 4-3 (Groundball, 4, EV 96.9 MPH) Nick Edmunds scores Chang Huie to third
|
|
Batting: RHB David Greene
|
0-0: Called Strike 0-1: Swinging Strike 0-2: Ball 1-2: Strikes out swinging
|
| Top of the 2nd over - 1 run, 1 hit, 0 errors, 1 left on base; Victoria 1 - Kelowna 0 |
| BOTTOM OF THE 2ND |
|
Kelowna Heat batting - Pitching for Victoria Capitals : RHP Raul Lopez
|
|
Batting: LHB Steve Nevis
|
0-0: Called Strike 0-1: Ball 1-1: Ball 2-1: Foul Ball, location: 2F 2-2: Ball 3-2: Strikes out looking
|
|
Batting: RHB Josh Truell
|
0-0: Ball 1-0: Ball 2-0: Ball 3-0: Called Strike 3-1: Fly out, F8 (Flyball, 8LD, EV 97.5 MPH)
|
|
Batting: RHB Sadataka Kuwahara
|
0-0: Ball 1-0: Called Strike 1-1: Foul Ball, location: 2F 1-2: Strikes out swinging
|
| Bottom of the 2nd over - 0 runs, 0 hits, 0 errors, 0 left on base; Victoria 1 - Kelowna 0 |
| TOP OF THE 3RD |
|
Victoria Capitals batting - Pitching for Kelowna Heat : RHP Rory Bornt
|
|
Batting: RHB Heihachiro Fujita
|
0-0: Ball 1-0: Ball 2-0: Foul Ball, location: 2F 2-1: SINGLE (Flyball, 5D, EV 89.4 MPH)
|
|
Pitching: LHP Ricky Coats
|
|
|
Batting: LHB Taki Matsui
|
0-0: Foul Ball, location: 2F 0-1: Called Strike Heihachiro Fujita is caught stealing 2nd base 2-6 0-2: Ball 1-2: Foul Ball, location: 2F 1-2: Foul Ball, location: 2F 1-2: Foul Ball, location: 2F 1-2: Ground out U3 (Groundball, 3, EV 80.6 MPH)
|
|
Batting: RHB Tomokazu Sugimoto
|
0-0: Ball 1-0: Foul Ball, location: 2F 1-1: Swinging Strike 1-2: Ball 2-2: Foul Ball, location: 2F 2-2: Strikes out swinging, 2-3 out at first.
|
| Top of the 3rd over - 0 runs, 1 hit, 0 errors, 0 left on base; Victoria 1 - Kelowna 0 |
| BOTTOM OF THE 3RD |
|
Kelowna Heat batting - Pitching for Victoria Capitals : RHP Raul Lopez
|
|
Batting: RHB Miguel Gonzalez
|
0-0: Foul Ball, location: 2F 0-1: Foul Ball, location: 2F 0-2: Ball 1-2: Ball 2-2: Ball 3-2: SINGLE (Line Drive, 9S, EV 96.3 MPH)
|
|
Batting: RHB Bob Schweiger
|
0-0: Ball 1-0: Ball 2-0: Called Strike 2-1: Swinging Strike 2-2: Strikes out swinging
|
|
Batting: RHB Ryan Hoagland
|
0-0: Ball 1-0: Ball 2-0: Bunted foul 2-1: Sac Bunt to 2R - play at first, batter OUT! 2-4 Miguel Gonzalez to second
|
|
Batting: RHB Frank Pena
|
0-0: Ball 1-0: SINGLE (Flyball, 8RS, EV 90.6 MPH) - OUT at second base trying to stretch hit. Miguel Gonzalez scores
|
| Bottom of the 3rd over - 1 run, 2 hits, 0 errors, 0 left on base; Victoria 1 - Kelowna 1 |
| TOP OF THE 4TH |
|
Victoria Capitals batting - Pitching for Kelowna Heat : LHP Ricky Coats
|
|
Batting: RHB Victor Rosas
|
0-0: Ball 1-0: Ball 2-0: Called Strike 2-1: Foul Ball, location: 2F 2-2: Ball 3-2: Base on Balls
|
|
Batting: RHB Nick Edmunds
|
0-0: Ball 1-0: Ball 2-0: Ball 3-0: Called Strike 3-1: Swinging Strike 3-2: Base on Balls Victor Rosas to second
|
|
Batting: LHB Chang Huie
|
0-0: Called Strike 0-1: Fielders Choice at 2nd, 3-6 (Groundball, 3S, EV 85.0 MPH) Victor Rosas to third
|
|
Batting: SHB Frank Amato
|
0-0: Ball 1-0: Ball 2-0: Ball 3-0: Base on Balls Chang Huie to second
|
|
Batting: SHB Ray Skogen
|
0-0: Ball 1-0: DOUBLE (Line Drive, 5D, EV 94.4 MPH) Victor Rosas scores Chang Huie scores Frank Amato to third
|
|
Pitching: RHP Francisco Gonzalez
|
|
|
Batting: RHB David Greene
|
0-0: Swinging Strike 0-1: Swinging Strike 0-2: Strikes out looking
|
|
Batting: RHB Heihachiro Fujita
|
0-0: Foul Ball, location: 2F 0-1: Called Strike 0-2: Strikes out looking
|
| Top of the 4th over - 2 runs, 1 hit, 0 errors, 2 left on base; Victoria 3 - Kelowna 1 |
| BOTTOM OF THE 4TH |
|
Kelowna Heat batting - Pitching for Victoria Capitals : RHP Raul Lopez
|
|
Batting: RHB Malik Sharpless
|
0-0: Ball 1-0: Called Strike 1-1: Foul Ball, location: 2F 1-2: Ball 2-2: Strikes out swinging
|
|
Batting: LHB Chris West
|
0-0: Called Strike 0-1: Ball 1-1: Ground out 4-3 (Groundball, 4, EV 98.8 MPH)
|
|
Batting: LHB Steve Nevis
|
0-0: Called Strike 0-1: Ground out 6-3 (Groundball, 6, EV 96.9 MPH)
|
| Bottom of the 4th over - 0 runs, 0 hits, 0 errors, 0 left on base; Victoria 3 - Kelowna 1 |
| TOP OF THE 5TH |
|
Victoria Capitals batting - Pitching for Kelowna Heat : RHP Francisco Gonzalez
|
|
Batting: LHB Taki Matsui
|
0-0: Called Strike 0-1: Foul Ball, location: 2F 0-2: Strikes out swinging
|
|
Batting: RHB Tomokazu Sugimoto
|
0-0: SINGLE (Line Drive, 56, EV 97.5 MPH)
|
|
Batting: RHB Victor Rosas
|
0-0: Ball 1-0: Swinging Strike 1-1: Ball 2-1: Called Strike Tomokazu Sugimoto steals 2nd, throwing error, E2 Tomokazu Sugimoto to third 2-2: Strikes out swinging
|
|
Batting: RHB Nick Edmunds
|
0-0: Ball 1-0: Ball 2-0: Foul Ball, location: 2F 2-1: Foul Ball, location: 2F 2-2: Foul Ball, location: 2F 2-2: Ball 3-2: Ground out 4-3 (Groundball, 4, EV 94.4 MPH)
|
| Top of the 5th over - 0 runs, 1 hit, 1 error, 1 left on base; Victoria 3 - Kelowna 1 |
| BOTTOM OF THE 5TH |
|
Kelowna Heat batting - Pitching for Victoria Capitals : RHP Raul Lopez
|
|
Batting: RHB Josh Truell
|
0-0: Foul Ball, location: 2F 0-1: Swinging Strike 0-2: Foul Ball, location: 2F 0-2: Strikes out swinging
|
|
Batting: RHB Sadataka Kuwahara
|
0-0: SINGLE (Line Drive, 7S, EV 111.3 MPH)
|
|
Batting: RHB Miguel Gonzalez
|
0-0: Called Strike Sadataka Kuwahara is caught stealing 2nd base 2-4 0-1: Ball 1-1: Foul Ball, location: 2F 1-2: Ball 2-2: Foul Ball, location: 2F 2-2: Fly out, F9 (Flyball, 9D, EV 97.5 MPH)
|
| Bottom of the 5th over - 0 runs, 1 hit, 0 errors, 0 left on base; Victoria 3 - Kelowna 1 |
| TOP OF THE 6TH |
|
Victoria Capitals batting - Pitching for Kelowna Heat : RHP Francisco Gonzalez
|
|
Batting: LHB Chang Huie
|
0-0: Called Strike 0-1: Ball 1-1: Foul Ball, location: 2F 1-2: Strikes out swinging
|
|
Batting: SHB Frank Amato
|
0-0: Foul Ball, location: 2F 0-1: Reached on error, E3 (Groundball, 3, EV 103.8 MPH)
|
|
Batting: SHB Ray Skogen
|
0-0: Called Strike 0-1: Ball 1-1: SINGLE (Groundball, 4MD, EV 95.0 MPH) Frank Amato to second
|
|
Batting: RHB David Greene
|
0-0: Ball 1-0: Called Strike 1-1: Ball 2-1: Called Strike 2-2: Foul Ball, location: 2F 2-2: Ball 3-2: Strikes out swinging
|
|
Pitching: RHP Dylan Mosley
|
|
|
Batting: RHB Heihachiro Fujita
|
0-0: Ball 1-0: Foul Ball, location: 2F 1-1: Ball 2-1: Foul Ball, location: 2F 2-2: SINGLE (Line Drive, 6MD, EV 100.0 MPH) Frank Amato to third Ray Skogen to second
|
|
Batting: LHB Taki Matsui
|
0-0: Ball 1-0: Called Strike 1-1: Fly out, F4 (Line Drive, 4, EV 71.9 MPH)
|
| Top of the 6th over - 0 runs, 2 hits, 1 error, 3 left on base; Victoria 3 - Kelowna 1 |
| BOTTOM OF THE 6TH |
|
Kelowna Heat batting - Pitching for Victoria Capitals : RHP Raul Lopez
|
|
Batting: RHB Bob Schweiger
|
0-0: Called Strike 0-1: SINGLE (Line Drive, 7S, EV 90.0 MPH)
|
|
Batting: RHB Ryan Hoagland
|
0-0: Bunt missed! 0-1: Sac Bunt to 2R - play at first, batter OUT! 2-4 Bob Schweiger to second
|
|
Batting: RHB Frank Pena
|
0-0: Swinging Strike 0-1: Swinging Strike 0-2: Ball 1-2: Strikes out swinging
|
|
Batting: RHB Malik Sharpless
|
0-0: Called Strike 0-1: Fly out, F7 (Flyball, 7, EV 86.3 MPH)
|
| Bottom of the 6th over - 0 runs, 1 hit, 0 errors, 1 left on base; Victoria 3 - Kelowna 1 |
| TOP OF THE 7TH |
|
Victoria Capitals batting - Pitching for Kelowna Heat : RHP Dylan Mosley
|
|
Batting: RHB Tomokazu Sugimoto
|
0-0: Ball 1-0: Foul Ball, location: 2F 1-1: Ground out 6-3 (Groundball, 6, EV 87.5 MPH)
|
|
Batting: RHB Victor Rosas
|
0-0: Called Strike 0-1: Foul Ball, location: 2F 0-2: Ball 1-2: Strikes out swinging
|
|
Batting: RHB Nick Edmunds
|
0-0: Called Strike 0-1: Ball 1-1: Called Strike 1-2: Strikes out swinging
|
| Top of the 7th over - 0 runs, 0 hits, 0 errors, 0 left on base; Victoria 3 - Kelowna 1 |
| BOTTOM OF THE 7TH |
|
Kelowna Heat batting - Pitching for Victoria Capitals : RHP Raul Lopez
|
|
Now at 2B: David Greene
|
|
|
Now at 3B: Danny Pujols
|
|
|
Now at SS: Chang Huie
|
|
|
Batting: LHB Chris West
|
0-0: Ball 1-0: Ground out U3 (Groundball, 3, EV 103.1 MPH)
|
|
Batting: LHB Steve Nevis
|
0-0: Ball 1-0: Fly out, F7 (Flyball, 78M, EV 85.0 MPH)
|
|
Batting: RHB Josh Truell
|
0-0: Ball 1-0: Ball 2-0: Called Strike 2-1: Swinging Strike 2-2: Ball 3-2: Strikes out swinging
|
| Bottom of the 7th over - 0 runs, 0 hits, 0 errors, 0 left on base; Victoria 3 - Kelowna 1 |
| TOP OF THE 8TH |
|
Victoria Capitals batting - Pitching for Kelowna Heat : RHP Dylan Mosley
|
|
Pitching: LHP Hector Jimenez
|
|
|
Batting: LHB Chang Huie
|
0-0: Ball 1-0: SINGLE (Groundball, 34S, EV 93.8 MPH)
|
|
Pitching: RHP Jonathan Simi
|
|
|
Batting: SHB Frank Amato
|
0-0: Called Strike 0-1: Ball 1-1: Ball 2-1: Grounds into double play, 4-6-3 (Groundball, 4, EV 107.5 MPH)
|
|
Batting: SHB Ray Skogen
|
0-0: Ball 1-0: Ball 2-0: Ball 3-0: Called Strike 3-1: DOUBLE (Flyball, 89D, EV 93.8 MPH)
|
|
Batting: RHB David Greene
|
0-0: Ground out 6-3 (Groundball, 6, EV 109.4 MPH)
|
| Top of the 8th over - 0 runs, 2 hits, 0 errors, 1 left on base; Victoria 3 - Kelowna 1 |
| BOTTOM OF THE 8TH |
|
Kelowna Heat batting - Pitching for Victoria Capitals : RHP Raul Lopez
|
|
Pitching: RHP Jose Acevedo
|
|
|
Batting: RHB Sadataka Kuwahara
|
0-0: Ball 1-0: Called Strike 1-1: Called Strike 1-2: Ball 2-2: Ball 3-2: Ground out 1-3 (Groundball, 15S, EV 63.8 MPH)
|
|
Batting: RHB Miguel Gonzalez
|
0-0: Swinging Strike 0-1: Ball 1-1: Foul Ball, location: 2F 1-2: Strikes out looking
|
|
Batting: RHB Bob Schweiger
|
0-0: Called Strike 0-1: Swinging Strike 0-2: Strikes out swinging
|
| Bottom of the 8th over - 0 runs, 0 hits, 0 errors, 0 left on base; Victoria 3 - Kelowna 1 |
| TOP OF THE 9TH |
|
Victoria Capitals batting - Pitching for Kelowna Heat : RHP Jonathan Simi
|
|
Pitching: RHP Jay Kouns
|
|
|
Batting: RHB Heihachiro Fujita
|
0-0: Ball 1-0: Called Strike 1-1: Ball 2-1: Ball 3-1: Base on Balls
|
|
Batting: LHB Taki Matsui
|
0-0: Ball Heihachiro Fujita is caught stealing 2nd base 2-6 1-0: Swinging Strike 1-1: SOLO HOME RUN (Flyball, 9D, EV 101.3 MPH), Distance : 391 ft
|
|
Batting: RHB Danny Pujols
|
0-0: Ball 1-0: DOUBLE (Flyball, 8LXD, EV 90.6 MPH)
|
|
Batting: RHB Victor Rosas
|
0-0: Ball 1-0: SINGLE (Groundball, 56, EV 97.5 MPH) Danny Pujols to third Runner from 3rd tries for Home, SAFE, throw by LF to home Victor Rosas to second
|
|
Batting: RHB Nick Edmunds
|
0-0: Swinging Strike 0-1: Foul Ball, location: 2F 0-2: Foul Ball, location: 2F 0-2: Fly out, F8 (Flyball, 8LM, EV 84.4 MPH)
|
|
Batting: LHB Chang Huie
|
0-0: Intentional Walk
|
|
Batting: SHB Frank Amato
|
0-0: Foul Ball, location: 2F 0-1: Foul Ball, location: 2F 0-2: Ball 1-2: Ball 2-2: Ball 3-2: Strikes out swinging
|
| Top of the 9th over - 2 runs, 3 hits, 0 errors, 2 left on base; Victoria 5 - Kelowna 1 |
| BOTTOM OF THE 9TH |
|
Kelowna Heat batting - Pitching for Victoria Capitals : RHP Jose Acevedo
|
|
Batting: RHB Ryan Hoagland
|
0-0: Called Strike 0-1: Foul Ball, location: 2F 0-2: Ball 1-2: Ball 2-2: Ball 3-2: Strikes out swinging
|
|
Batting: RHB Frank Pena
|
0-0: Called Strike 0-1: Swinging Strike 0-2: Ball 1-2: Ball 2-2: Strikes out looking
|
|
Batting: RHB Malik Sharpless
|
0-0: Ball 1-0: Ball 2-0: Called Strike 2-1: Swinging Strike 2-2: Foul Ball, location: 2F 2-2: Strikes out swinging
|
| Bottom of the 9th over - 0 runs, 0 hits, 0 errors, 0 left on base; Victoria 5 - Kelowna 1 |
|